[Event "Titled Tuesday Blitz January 25 2022"]
[White "Maevsky, Nikolay"]
[Black "Aaditya Dhingra"]
[WhiteFideId "4198220"]
[BlackFideId "25678191"]
[WhiteElo "2104"]
[BlackElo "1789"]
[Result "1-0"]
[Round "11"]
[TimeControl "180+1"]
[Date "2022.01.26"]
[WhiteClock "0:00:04"]
[BlackClock "0:00:02"]

1. d4 Nf6 2. Nf3 e6 3. e3 c5 4. Bd3 Nc6 5. O-O d5 6. b3 Bd6 7. Bb2 O-O 8. Nbd2 Re8 9. Ne5 Qc7 10. Nxc6 bxc6 11. dxc5 Bxh2+ 12. Kh1 Be5 13. Qc1 Bxb2 14. Qxb2 Ng4 15. g3 e5 16. e4 Qe7 17. Kg2 f5 18. exf5 e4 19. Be2 Bxf5 20. Qd4 e3 21. Bxg4 Bxg4 22. Qxg4 exd2 23. Rad1 Qxc5 24. Rxd2 Re5 25. Rh1 Rae8 26. Rh5 Re1 27. Rg5 Qe7 28. c4 Re4 29. Qh5 g6 30. Qh6 d4 31. Ra5 c5 32. Ra6 Re1 33. b4 Qe4+ 34. f3 Re2+ 35. Rxe2 Qxe2+ 36. Kh3 Qf1+ 37. Kg4 Qb1 38. Rf6 Qd3 39. Qg5 h5+ 40. Kh4 Kg7 41. Rd6 Rf8 42. Rd7+ Rf7 43. Rxf7+ Kxf7 44. Qd5+ Kg7 45. Qe5+ Kh7 46. Qe7+ Kh6 47. Qf8+ Kh7 48. Qf7+ Kh6 49. Qf8+ Kh7 50. bxc5 Qf1 51. Qf7+ Kh6 52. Qf8+ Kh7 53. Kg5 Qc1+ 54. f4 Qc2 55. Qf7+ Kh8 56. Kh6 1-0


[Site "https://www.chess.com"]

[Event "Titled Tuesday Blitz January 25 2022"]
[White "Martin Duque, Jesus"]
[Black "Belov, Vladimir"]
[WhiteFideId "2208954"]
[BlackFideId "4132394"]
[WhiteElo "2243"]
[BlackElo "2501"]
[Result "1/2-1/2"]
[Round "11"]
[TimeControl "180+1"]
[Date "2022.01.26"]
[WhiteClock "0:01:26"]
[BlackClock "0:00:21"]

1. Nf3 Nf6 2. b3 g6 3. Bb2 Bg7 4. g3 O-O 5. Bg2 c5 6. c4 Nc6 7. O-O d6 8. d4 cxd4 9. Nxd4 Bd7 10. Nc3 Rc8 11. Nc2 a6 12. Qd2 Qa5 13. Rfd1 Qh5 14. Ne3 Bh3 15. Rac1 Bxg2 16. Kxg2 Rfe8 17. Ncd5 Nxd5 18. Nxd5 Bxb2 19. Qxb2 Qe5 20. Qxe5 Nxe5 21. f4 Nd7 22. e4 Kf8 23. h4 h5 24. Kf3 e6 25. Ne3 Ke7 26. Rd2 Nf6 27. Rcd1 Red8 28. a4 a5 29. Nc2 d5 30. exd5 exd5 31. Ne3 dxc4 32. Nxc4 Rxd2 33. Rxd2 Nd7 34. Rxd7+ Kxd7 35. Nb6+ Kc7 36. Nxc8 Kxc8 37. f5 Kd7 38. Kf4 Ke7 39. fxg6 fxg6 40. Ke5 b6 41. Kd5 Kd7 42. Ke5 Ke7 43. Kd5 Kd7 44. Ke5 Ke7 1/2-1/2


[Site "https://www.chess.com"]

[Event "Titled Tuesday Blitz January 25 2022"]
[White "Martinez Alcantara, Jose Eduardo"]
[Black "Sjugirov, Sanan"]
[WhiteFideId "3805662"]
[BlackFideId "4189302"]
[WhiteElo "2690"]
[BlackElo "2602"]
[Result "1-0"]
[Round "11"]
[TimeControl "180+1"]
[Date "2022.01.26"]
[WhiteClock "0:00:27"]
[BlackClock "0:00:06"]

1. e4 e6 2. d4 d5 3. Nd2 c5 4. Ngf3 cxd4 5. Nxd4 Nc6 6. Bb5 Bd7 7. Nxc6 bxc6 8. Bd3 Bd6 9. Qe2 Ne7 10. e5 Bc7 11. Nf3 c5 12. c3 Bc6 13. O-O Ng6 14. g3 O-O 15. Re1 d4 16. c4 f6 17. exf6 Qxf6 18. Ng5 Ne5 19. Bxh7+ Kh8 20. Be4 Bxe4 21. Qxe4 Qxf2+ 22. Kh1 Qf5 23. Bf4 Rac8 24. Qxf5 Rxf5 25. Nxe6 Bd6 26. g4 Rf6 27. Bxe5 Rxe6 28. Bxg7+ 1-0


[Site "https://www.chess.com"]

[Event "Titled Tuesday Blitz January 25 2022"]
[White "Navalgund, Niranjan"]
[Black "Hjartarson, Johann"]
[WhiteFideId "5030854"]
[BlackFideId "2300044"]
[WhiteElo "2290"]
[BlackElo "2484"]
[Result "0-1"]
[Round "11"]
[TimeControl "180+1"]
[Date "2022.01.26"]
[WhiteClock "0:01:51"]
[BlackClock "0:00:38"]

1. e4 c5 2. Nf3 d6 3. Bb5+ Bd7 4. Bxd7+ Nxd7 5. O-O Ngf6 6. Qe2 e6 7. c3 Be7 8. d4 d5 9. e5 Ne4 10. Nbd2 Nxd2 11. Bxd2 O-O 12. h4 Rc8 13. h5 Qb6 14. h6 g6 15. Rab1 cxd4 16. cxd4 Rc4 17. Qd3 Rfc8 18. g3 Qa6 19. a3 Rc2 20. Qe3 Nb6 21. Qf4 Nc4 22. Bb4 Bd8 23. Ng5 Rc7 24. Nxe6 Qxe6 25. Rbc1 Nxb2 26. Rxc2 Rxc2 27. Rb1 Nd3 28. Qe3 Nxb4 29. Rxb4 Bb6 30. Qb3 Rc4 31. Rb5 Rxd4 32. a4 Qxe5 33. a5 Qe1+ 34. Kg2 Rd1 35. Kh3 Qh1+ 36. Kg4 Qh5+ 37. Kf4 Qf5# 0-1


[Site "https://www.chess.com"]

[Event "Titled Tuesday Blitz January 25 2022"]
[White "Nesterov, Arseniy"]
[Black "Obolenskikh, Dmitry"]
[WhiteFideId "24198455"]
[BlackFideId "4156013"]
[WhiteElo "2489"]
[BlackElo "2512"]
[Result "1-0"]
[Round "11"]
[TimeControl "180+1"]
[Date "2022.01.26"]
[WhiteClock "0:01:03"]
[BlackClock "0:01:19"]

1. d4 d5 2. c4 e6 3. Nc3 c6 4. Nf3 dxc4 5. g3 b5 6. Bg2 Bb7 7. O-O Nd7 8. Ne5 Qc8 9. b3 b4 10. Ne4 c3 11. Nc4 Ke7 12. Ned6 Qb8 13. Bf4 Ngf6 14. Na5 Nd5 15. Ndxb7 Nxf4 16. Nxc6+ Kf6 17. Nxb8 1-0


[Site "https://www.chess.com"]

[Event "Titled Tuesday Blitz January 25 2022"]
[White "Nguyen, Hong Ngoc"]
[Black "Putnam, Liam"]
[WhiteFideId "12403083"]
[BlackFideId "30938279"]
[WhiteElo "1830"]
[BlackElo "2035"]
[Result "1-0"]
[Round "11"]
[TimeControl "180+1"]
[Date "2022.01.26"]
[WhiteClock "0:00:46"]
[BlackClock "0:00:15"]

1. e4 c6 2. Nc3 d5 3. Nf3 Bg4 4. h3 Bh5 5. exd5 cxd5 6. Bb5+ Nc6 7. g4 Bg6 8. Ne5 Rc8 9. h4 f6 10. Nxg6 hxg6 11. d4 e6 12. Be3 Kf7 13. a3 Bd6 14. Ne2 Nge7 15. Bd3 e5 16. c3 e4 17. Bc2 Na5 18. b3 Qd7 19. c4 dxc4 20. b4 Nac6 21. Bxe4 Qxg4 22. f3 Qd7 23. Qd2 f5 24. Bc2 Nd5 25. Bg5 Rhe8 26. Kf2 Re6 27. Rae1 Rce8 28. Nc3 Rxe1 29. Rxe1 Rxe1 30. Qxe1 Nxc3 31. Qxc3 Qe6 32. b5 Nb8 33. a4 Nd7 34. Bb1 Nb6 35. Ba2 Nxa4 36. Qxc4 Qxc4 37. Bxc4+ Kf8 38. Bd5 b6 39. Bc6 Be7 40. Bf4 Bxh4+ 41. Ke2 Bd8 42. Bc1 Nc3+ 43. Kd3 Na2 44. Bd2 Be7 45. Kc4 Ba3 46. Kb3 Bc1 47. Be1 Be3 48. Kxa2 Bxd4 49. Kb3 Ke7 50. Kc4 Be5 51. Kd5 Bc7 52. Bb4+ Kf6 53. Bc3+ Kf7 54. Be5 Bd8 55. Bd7 Bf6 56. Bb8 Ke7 57. Be6 Kd8 58. Kc6 Ke7 59. Bc8 g5 60. Bxf5 Bd4 61. Bxa7 1-0


[Site "https://www.chess.com"]

[Event "Titled Tuesday Blitz January 25 2022"]
[White "Odegov, Artem"]
[Black "Gelman, Alexander"]
[WhiteFideId "34183644"]
[BlackFideId "4118316"]
[WhiteElo "2277"]
[BlackElo "2375"]
[Result "0-1"]
[Round "11"]
[TimeControl "180+1"]
[Date "2022.01.26"]
[WhiteClock "0:00:29"]
[BlackClock "0:00:40"]

1. d4 Nf6 2. c4 c5 3. d5 b5 4. a4 b4 5. Nd2 g6 6. e4 d6 7. Ngf3 Bg7 8. Bd3 O-O 9. O-O Nbd7 10. Re1 e5 11. Nf1 Nh5 12. b3 h6 13. Ne3 Nf4 14. Bb2 Nf6 15. Qd2 Nxd3 16. Qxd3 Nh5 17. Rad1 Bd7 18. Qd2 Nf4 19. Bc1 f5 20. Nf1 fxe4 21. Rxe4 Bg4 22. Re3 Qf6 23. Ng3 Nxg2 24. Ne4 Qf4 25. Kxg2 Bxf3+ 26. Kf1 Bxe4 0-1


[Site "https://www.chess.com"]

[Event "Titled Tuesday Blitz January 25 2022"]
[White "Ovetchkin, Roman"]
[Black "Piesik, Piotr"]
[WhiteFideId "4119991"]
[BlackFideId "1136194"]
[WhiteElo "2409"]
[BlackElo "2232"]
[Result "1/2-1/2"]
[Round "11"]
[TimeControl "180+1"]
[Date "2022.01.26"]
[WhiteClock "0:00:20"]
[BlackClock "0:01:00"]

1. d4 c5 2. d5 e5 3. e4 d6 4. Bb5+ Nd7 5. a4 Be7 6. Nf3 Nf6 7. Nc3 O-O 8. O-O Ne8 9. Bd3 Nc7 10. Nd2 Bg5 11. Nc4 Bxc1 12. Qxc1 Qe7 13. f4 exf4 14. Qxf4 Ne5 15. Nxe5 Qxe5 16. Qxe5 dxe5 17. Nd1 Ne8 18. Ne3 Nd6 19. a5 Bd7 20. c4 Rfb8 21. Ra3 b5 22. axb6 Rxb6 23. b3 a5 24. Rfa1 a4 25. bxa4 Ra5 26. Bc2 Rb2 27. R1a2 Rxa2 28. Rxa2 Kf8 29. Kf2 Ke7 30. Ke2 g6 31. g4 Nc8 32. Rb2 Bxa4 33. Bxa4 Rxa4 34. Rb7+ Ke8 35. Rc7 Nd6 36. Rxc5 Nxe4 37. Rc7 Ra2+ 38. Kf3 Ng5+ 39. Kg3 Ne4+ 40. Kf3 Ng5+ 41. Kg3 Ne4+ 42. Kf3 1/2-1/2


[Site "https://www.chess.com"]

[Event "Titled Tuesday Blitz January 25 2022"]
[White "Ozates, Tuna"]
[Black "Golubev, Mikhail"]
[WhiteFideId "6354521"]
[BlackFideId "14100983"]
[WhiteElo "1872"]
[BlackElo "2374"]
[Result "0-1"]
[Round "11"]
[TimeControl "180+1"]
[Date "2022.01.26"]
[WhiteClock "0:00:03"]
[BlackClock "0:00:07"]

1. e4 c5 2. Nf3 d6 3. d4 Nf6 4. Nc3 cxd4 5. Nxd4 g6 6. Be3 Bg7 7. f3 a6 8. Qd2 Nbd7 9. O-O-O h5 10. Bc4 Qc7 11. Bb3 b5 12. Nd5 Nxd5 13. exd5 Bb7 14. Rhe1 Nf6 15. Bg5 O-O 16. Nc6 e6 17. Qf4 e5 18. Qh4 Nxd5 19. Ne7+ Nxe7 20. Bxe7 Rfd8 21. Qg5 Rd7 22. Bf6 Kh7 23. Bxg7 Kxg7 24. f4 f6 25. Qg3 Rad8 26. f5 g5 27. Be6 Re7 28. h4 g4 29. Re3 d5 30. Qf2 d4 31. Rg3 Qd6 32. Bb3 a5 33. Qe2 a4 34. Rxg4+ hxg4 35. Qxg4+ Kh8 36. Rd3 Rg7 37. Qh5+ Rh7 38. Qg6 axb3 39. Rg3 e4 40. axb3 Qf4+ 41. Kd1 Qf1+ 42. Kd2 e3+ 43. Rxe3 dxe3+ 44. Kxe3 Re7# 0-1


[Site "https://www.chess.com"]

[Event "Titled Tuesday Blitz January 25 2022"]
[White "Padmini, Rout"]
[Black "Senthil Maran K"]
[WhiteFideId "5029295"]
[BlackFideId "25035681"]
[WhiteElo "2181"]
[BlackElo "2194"]
[Result "1-0"]
[Round "11"]
[TimeControl "180+1"]
[Date "2022.01.26"]
[WhiteClock "0:00:17"]
[BlackClock "0:00:02"]

1. Nf3 d5 2. g3 g6 3. Bg2 Bg7 4. d4 Nf6 5. O-O Nbd7 6. c4 dxc4 7. Na3 Nb6 8. Ne5 O-O 9. Naxc4 Ng4 10. e3 Nxe5 11. Nxe5 Bxe5 12. dxe5 Qxd1 13. Rxd1 Bg4 14. Rd4 Bc8 15. b3 c6 16. Ba3 Re8 17. Rad1 Be6 18. e4 Rac8 19. Bc5 Rc7 20. f4 Nd7 21. Ba3 c5 22. R4d2 b6 23. Bf3 h5 24. Kg2 Nb8 25. h3 Nc6 26. g4 hxg4 27. hxg4 f5 28. exf6 exf6 29. Bb2 Kf7 30. Rd6 g5 31. e5 Nd4 32. f5 Bc8 33. Rxf6+ Kg7 34. Rg6+ Kf8 35. e6 Nxf3 36. Kxf3 Bb7+ 37. Kg3 Rh7 38. Rxg5 Ke7 39. Rd7+ Kf8 40. Rxh7 Re7 41. Rh8# 1-0


[Site "https://www.chess.com"]

[Event "Titled Tuesday Blitz January 25 2022"]
[White "Panesar Vedant"]
[Black "Lavrov, Maxim"]
[WhiteFideId "35033018"]
[BlackFideId "4166418"]
[WhiteElo "1971"]
[BlackElo "2192"]
[Result "0-1"]
[Round "11"]
[TimeControl "180+1"]
[Date "2022.01.26"]
[WhiteClock "0:00:33"]
[BlackClock "0:00:06"]

1. d4 Nf6 2. c4 g6 3. Nc3 Bg7 4. e4 O-O 5. Be2 d6 6. Nf3 e5 7. O-O exd4 8. Nxd4 Re8 9. f3 c6 10. Kh1 Na6 11. Bf4 Nc5 12. Qd2 a5 13. Rad1 Nh5 14. Be3 Qh4 15. Bf2 Qe7 16. f4 Nf6 17. Bf3 Bg4 18. Bh4 Bxf3 19. gxf3 Nfxe4 20. Bxe7 Nxd2 21. Rxd2 Rxe7 22. Nc2 Ne6 23. f5 gxf5 24. Rxd6 Nf4 25. Rfd1 Rae8 26. Rd8 Bxc3 27. bxc3 Rxd8 28. Rxd8+ Kg7 29. Kg1 Re2 30. Nd4 Rg2+ 31. Kf1 Rxa2 32. Rd6 Ne6 33. Nxf5+ Kf6 34. Nh6 a4 35. Rd7 a3 36. Ng4+ Kg5 37. Nf2 Rb2 38. Kg2 a2 39. Kg3 a1=Q 40. h4+ Kf5 41. Rxf7+ Kg6 42. Re7 Qg1+ 43. Kh3 Rxf2 44. Rxe6+ Kf7 45. Rg6 Kxg6 46. h5+ Kf5 47. f4 Kxf4 48. Kh4 Kf3 49. h6 Rh2# 0-1


[Site "https://www.chess.com"]

[Event "Titled Tuesday Blitz January 25 2022"]
[White "Papasimakopoulos, Alexandros"]
[Black "Osmak, Yuliia"]
[WhiteFideId "4244125"]
[BlackFideId "14101602"]
[WhiteElo "2340"]
[BlackElo "2302"]
[Result "0-1"]
[Round "11"]
[TimeControl "180+1"]
[Date "2022.01.26"]
[WhiteClock "0:00:14"]
[BlackClock "0:00:11"]

1. d4 f5 2. e4 fxe4 3. Nc3 Nf6 4. Bg5 g6 5. f3 d5 6. fxe4 Nxe4 7. Nxe4 dxe4 8. Qd2 Bg7 9. O-O-O Bg4 10. Ne2 Qd7 11. h3 Bxe2 12. Bxe2 Nc6 13. d5 Nd4 14. Bg4 Nf5 15. Rhe1 h5 16. Be2 Qa4 17. a3 O-O-O 18. g4 hxg4 19. hxg4 Nd4 20. Kb1 Rxd5 21. c3 Rxg5 22. cxd4 Rd5 23. Qc2 Qxc2+ 24. Kxc2 Rxd4 25. Rxd4 Bxd4 26. Bc4 e3 27. Kd3 e5 28. b4 c6 29. b5 Kc7 30. b6+ axb6 31. a4 Rh2 32. Rf1 Rd2+ 33. Ke4 e2 34. Re1 Rc2 35. Bxe2 Rc3 36. Bd3 Ra3 37. Rf1 Rxa4 38. Rf7+ Kb8 39. Rg7 Bb2+ 40. Ke3 Rxg4 41. Bxg6 Rg3+ 42. Ke4 Rg5 43. Rg8+ Ka7 44. Bf7 Rxg8 45. Bxg8 b5 46. Kd3 Kb6 47. Kc2 Bd4 48. Kd3 c5 49. Bf7 c4+ 50. Ke4 Kc5 51. Be6 b4 52. Bf7 b3 53. Bg6 c3 54. Kd3 c2 55. Kd2 Be3+ 0-1


[Site "https://www.chess.com"]

[Event "Titled Tuesday Blitz January 25 2022"]
[White "Papp, Petra"]
[Black "Korchmar, Vasiliy"]
[WhiteFideId "739049"]
[BlackFideId "24131750"]
[WhiteElo "2259"]
[BlackElo "2370"]
[Result "1-0"]
[Round "11"]
[TimeControl "180+1"]
[Date "2022.01.26"]
[WhiteClock "0:00:21"]
[BlackClock "0:00:03"]

1. d4 Nf6 2. c4 c5 3. d5 g6 4. Nc3 Bg7 5. e4 d6 6. Nf3 O-O 7. h3 e6 8. Bd3 exd5 9. cxd5 b5 10. Bxb5 Nxe4 11. Nxe4 Qa5+ 12. Nfd2 Qxb5 13. Nxd6 Qa6 14. N2c4 Nd7 15. O-O Ne5 16. Nxe5 Bxe5 17. Nxc8 Raxc8 18. Qc2 Rfd8 19. Rd1 Bd4 20. Be3 Rxd5 21. Bxd4 cxd4 22. Qe4 Rcd8 23. Rd3 Qc4 24. Rad1 a5 25. b3 Qc2 26. a4 h5 27. R1d2 Qc5 28. h4 Re5 29. Qf4 Re1+ 30. Kh2 Qc1 31. Rxd4 Rh1+ 32. Kg3 Qc3+ 33. f3 Rf8 34. Rd8 Qxb3 35. Rxf8+ Kxf8 36. Rd8+ Kg7 37. Qe5+ f6 38. Rd7+ Kh6 39. Qf4+ g5 40. Qxf6# 1-0


[Site "https://www.chess.com"]

[Event "Titled Tuesday Blitz January 25 2022"]
[White "Petrovskyi, Vadym"]
[Black "Shtyka, Sergey"]
[WhiteFideId "14165210"]
[BlackFideId "4138465"]
[WhiteElo "2424"]
[BlackElo "2014"]
[Result "1-0"]
[Round "11"]
[TimeControl "180+1"]
[Date "2022.01.26"]
[WhiteClock "0:00:34"]
[BlackClock "0:00:02"]

1. e4 c5 2. Nf3 d6 3. d4 cxd4 4. Nxd4 Nf6 5. Nc3 g6 6. h4 Nc6 7. Be2 h5 8. Be3 Bg7 9. f3 Bd7 10. Qd2 Rc8 11. O-O-O Qa5 12. Nb3 Qc7 13. Bg5 Be6 14. Kb1 a6 15. Nd5 Bxd5 16. exd5 Ne5 17. c4 O-O 18. Rc1 Qd7 19. Bh6 Qf5+ 20. Ka1 Bxh6 21. Qxh6 b5 22. g4 hxg4 23. Nd4 Qh5 24. Qf4 gxf3 25. Nxf3 bxc4 26. Nd4 Qh8 27. h5 Qg7 28. Rcg1 Nxd5 29. Qe4 Nf6 30. Qc2 c3 31. b3 Rc5 32. hxg6 fxg6 33. Ne6 Qf7 34. Nxc5 dxc5 35. Qxc3 Qe6 36. Rg5 Nfd7 37. Rhg1 Rf5 38. Bc4 Nxc4 39. Rxg6+ Qxg6 40. Rxg6+ Kf7 41. Qg7+ Ke8 42. Qg8+ Nf8 43. bxc4 Rf1+ 44. Kb2 Rf2+ 45. Kc1 Rf4 46. Rxa6 Kd7 47. Qd5+ Ke8 48. Ra8# 1-0


[Site "https://www.chess.com"]

[Event "Titled Tuesday Blitz January 25 2022"]
[White "Piorun, Kacper"]
[Black "Le, Tuan Minh"]
[WhiteFideId "1130420"]
[BlackFideId "12401153"]
[WhiteElo "2571"]
[BlackElo "2450"]
[Result "1-0"]
[Round "11"]
[TimeControl "180+1"]
[Date "2022.01.26"]
[WhiteClock "0:00:13"]
[BlackClock "0:00:01"]

1. c4 c6 2. d4 d5 3. Nf3 Nf6 4. e3 Bf5 5. Nc3 e6 6. Be2 Nbd7 7. Nh4 Be4 8. f3 Bg6 9. Nxg6 hxg6 10. Qb3 Qc7 11. Bd2 Nb6 12. cxd5 exd5 13. O-O-O Rd8 14. Kb1 Be7 15. h4 Nh5 16. Bd3 Ng3 17. Rhe1 Rxh4 18. Bc1 Kf8 19. Bc2 Nc4 20. Ne2 Nxe2 21. Rxe2 b5 22. e4 dxe4 23. fxe4 Kg8 24. Qf3 Rf8 25. g3 Rh3 26. Bf4 Qa5 27. e5 Qb4 28. Bc1 Bd8 29. Bb3 Bb6 30. Qxc6 Na5 31. Qg2 Rh7 32. Bd5 Bxd4 33. Re4 Rc8 34. Rexd4 Qc5 35. Qf2 Kh8 36. Bxf7 Rf8 37. e6 Nc6 38. Rd8 Qe7 39. Rxf8+ Qxf8 40. Qc2 Ne7 41. Qc7 Qc8 1-0


[Site "https://www.chess.com"]

[Event "Titled Tuesday Blitz January 25 2022"]
[White "Pranav, V"]
[Black "Yaniuk, Volodymyr"]
[WhiteFideId "25060783"]
[BlackFideId "14133083"]
[WhiteElo "2349"]
[BlackElo "2207"]
[Result "1-0"]
[Round "11"]
[TimeControl "180+1"]
[Date "2022.01.26"]
[WhiteClock "0:00:37"]
[BlackClock "0:00:04"]

1. e4 e5 2. Nf3 Nc6 3. Bb5 a6 4. Ba4 Nf6 5. O-O Be7 6. d3 d6 7. c4 O-O 8. Nc3 Bg4 9. h3 Bh5 10. Be3 Nd4 11. Bxd4 exd4 12. Ne2 Bxf3 13. gxf3 c5 14. Ng3 g6 15. f4 Rb8 16. Bb3 Kh8 17. Qf3 Nd7 18. Kh2 Bh4 19. Rg1 Qf6 20. Qg4 Rfd8 21. Raf1 Nf8 22. f5 Bxg3+ 23. fxg3 Nd7 24. fxg6 Qxg6 25. Qh4 Ne5 26. Rf6 Qg7 27. Bc2 Rg8 28. Rgf1 Rbd8 29. g4 b5 30. cxb5 axb5 31. Bb3 Rd7 32. Bd5 c4 33. Qf2 cxd3 34. Qxd4 Rc8 35. Bb3 Rc5 36. Kg3 Qg5 37. Rxd6 Rxd6 38. Qxc5 Rd8 39. Rf5 Qg7 40. Qxe5 Qxe5+ 41. Rxe5 d2 42. Rd5 Re8 43. Rxd2 Rxe4 44. Rd8+ Kg7 45. Rd7 Kh6 46. Rxf7 Rd4 47. Bc2 Kg5 48. h4+ Kh6 49. Rxh7# 1-0


[Site "https://www.chess.com"]

[Event "Titled Tuesday Blitz January 25 2022"]
[White "Renjith, Sravan"]
[Black "Aldokhin, Ivan"]
[WhiteFideId "4306783"]
[BlackFideId "24115720"]
[WhiteElo "1863"]
[BlackElo "2231"]
[Result "0-1"]
[Round "11"]
[TimeControl "180+1"]
[Date "2022.01.26"]
[WhiteClock "0:00:19"]
[BlackClock "0:01:15"]

1. d4 Nf6 2. c4 g6 3. Nc3 Bg7 4. Nf3 d6 5. g3 O-O 6. Bg2 Nc6 7. O-O Bf5 8. d5 Na5 9. Nd2 c5 10. e4 Bd7 11. a3 b5 12. cxb5 Rc8 13. Qe2 c4 14. Nf3 Nb3 15. Rb1 Nxc1 16. Rbxc1 Ng4 17. Rfd1 Qb6 18. h3 Ne5 19. Nd4 Nd3 20. Nc6 Bxc6 21. dxc6 Nxc1 22. Rxc1 Bxc3 23. Rxc3 Qxb5 24. Qxc4 Qxb2 25. h4 Rc7 26. h5 Rfc8 27. h6 Rxc6 28. Qxc6 Rxc6 29. Rxc6 f6 30. Rc8+ Kf7 31. Rh8 Qc1+ 32. Kh2 Qxh6+ 0-1


[Site "https://www.chess.com"]

[Event "Titled Tuesday Blitz January 25 2022"]
[White "Rodchenkov, Sergey D."]
[Black "Barria Zuniga, Daniel"]
[WhiteFideId "4168712"]
[BlackFideId "3400816"]
[WhiteElo "2306"]
[BlackElo "2414"]
[Result "0-1"]
[Round "11"]
[TimeControl "180+1"]
[Date "2022.01.26"]
[WhiteClock "0:00:21"]
[BlackClock "0:01:55"]

1. e4 c5 2. Nf3 e6 3. d4 cxd4 4. Nxd4 a6 5. Nc3 b5 6. Bd3 Bb7 7. O-O Nc6 8. Nxc6 Bxc6 9. Qe2 Ne7 10. f4 Ng6 11. Be3 Be7 12. e5 O-O 13. Be4 Rc8 14. g3 f5 15. Bxc6 Rxc6 16. h4 Qc7 17. h5 Nh8 18. Rac1 Rc8 19. Rf2 Nf7 20. Nd1 Nh6 21. Bd4 Ng4 22. Rg2 Rc4 23. c3 Rxd4 0-1


[Site "https://www.chess.com"]

[Event "Titled Tuesday Blitz January 25 2022"]
[White "Romanchuk, Viktor"]
[Black "Kosteniuk, Alexandra"]
[WhiteFideId "14109271"]
[BlackFideId "4128125"]
[WhiteElo "2242"]
[BlackElo "2469"]
[Result "0-1"]
[Round "11"]
[TimeControl "180+1"]
[Date "2022.01.26"]
[WhiteClock "0:00:01"]
[BlackClock "0:00:15"]

1. d4 Nf6 2. c4 e6 3. Nc3 Bb4 4. e3 b6 5. Ne2 Ne4 6. Qc2 Bb7 7. a3 Bxc3+ 8. Nxc3 Nxc3 9. Qxc3 d6 10. d5 O-O 11. b4 exd5 12. cxd5 Bxd5 13. Bb2 f6 14. Be2 Nd7 15. O-O Ne5 16. f3 Qe7 17. e4 Bb7 18. Rfd1 Rac8 19. Rac1 Rfd8 20. Bf1 c5 21. Qd2 Kh8 22. Qf4 d5 23. exd5 Rxd5 24. Rxd5 Bxd5 25. bxc5 Rxc5 26. Rd1 Bg8 27. h4 Rc2 28. Bd4 Ng6 29. Qg3 Qc7 30. Qxc7 Rxc7 31. h5 Nf8 32. h6 Rd7 33. hxg7+ Kxg7 34. Rd2 Be6 35. Kf2 Kf7 36. Ke3 Ng6 37. Bd3 Re7 38. Bxg6+ hxg6 39. Kf2 Rc7 40. Ke3 Rc4 41. Rd3 Rc2 42. Rc3 Rxg2 43. Rc7+ Kg8 44. Rxa7 f5 45. Bxb6 g5 46. Bd4 Bd5 47. Rg7+ Kf8 48. f4 g4 49. Rg5 Be4 50. a4 Rg3+ 51. Ke2 Ra3 52. Be5 Kf7 53. Kf2 Rxa4 54. Rg7+ Ke6 55. Rc7 Ra2+ 56. Ke3 Rh2 0-1


[Site "https://www.chess.com"]

[Event "Titled Tuesday Blitz January 25 2022"]
[White "Ruperez Benito, Antonio"]
[Black "Martin Carmona, Gaston Manuel"]
[WhiteFideId "22245049"]
[BlackFideId "22284567"]
[WhiteElo "2249"]
[BlackElo "2161"]
[Result "1-0"]
[Round "11"]
[TimeControl "180+1"]
[Date "2022.01.26"]
[WhiteClock "0:00:20"]
[BlackClock "0:00:03"]

1. d4 Nf6 2. c4 c5 3. d5 b5 4. cxb5 a6 5. bxa6 g6 6. Nc3 Bxa6 7. e4 Bxf1 8. Kxf1 d6 9. g3 Bg7 10. Kg2 O-O 11. Nf3 Nbd7 12. h3 Qa5 13. Re1 Rfb8 14. Qc2 Ne8 15. Nd2 Nc7 16. Nc4 Qa6 17. b3 Ne5 18. Nxe5 Bxe5 19. Bb2 Rb4 20. f4 Bd4 21. Rad1 f6 22. Rd2 Qb7 23. Qd3 Rb6 24. h4 Na6 25. Qf3 Nb4 26. h5 Nxa2 27. hxg6 hxg6 28. Qg4 e5 29. Nxa2 Rxa2 30. Qxg6+ Qg7 31. Qe8+ Qf8 32. Qd7 Rb8 33. Rh1 Qf7 34. Qg4+ Kf8 35. Rh8+ Ke7 36. Rxb8 Rxb2 37. Rxb2 Bxb2 38. Rb7+ 1-0


[Site "https://www.chess.com"]

[Event "Titled Tuesday Blitz January 25 2022"]
[White "Rustemov, Alexander"]
[Black "Seemann, Jakub"]
[WhiteFideId "4119002"]
[BlackFideId "21874697"]
[WhiteElo "2707"]
[BlackElo "2003"]
[Result "1-0"]
[Round "11"]
[TimeControl "180+1"]
[Date "2022.01.26"]
[WhiteClock "0:00:24"]
[BlackClock "0:00:01"]

1. d4 Nf6 2. c4 e6 3. Nf3 d5 4. Nc3 c5 5. cxd5 Nxd5 6. g3 Nxc3 7. bxc3 cxd4 8. Qxd4 Qxd4 9. Nxd4 Bd7 10. Bg2 Nc6 11. Rb1 Nxd4 12. cxd4 Rc8 13. Bxb7 Rc2 14. a3 Bd6 15. Bf3 Ke7 16. O-O Rhc8 17. Be3 Ra2 18. Ra1 Rxa3 19. Rxa3 Bxa3 20. Ra1 Rc3 21. Bd2 Rc2 22. Rxa3 Rxd2 23. e3 Kf6 24. Rxa7 Bb5 25. h4 Rc2 26. Kg2 Bc6 27. Bxc6 Rxc6 28. g4 h6 29. Kf3 Rc2 30. h5 Rb2 31. Kg3 Rc2 32. f3 Rb2 33. Kf4 Rc2 34. Ra6 Rc3 35. e4 Ke7 36. Ra7+ Ke8 37. Ra8+ Ke7 38. Rg8 Rd3 39. Rxg7 Rxd4 40. Rh7 Kf6 41. Rxh6+ Kg7 42. g5 Rd1 43. Rf6 Rg1 44. h6+ Kg8 45. g6 fxg6 46. Ke5 Kh7 47. Kxe6 Kxh6 48. f4 Kh5 49. e5 Rf1 50. Rf8 Re1 51. Kf6 Kg4 52. Kxg6 Re4 53. Rf6 Re1 54. Kf7 1-0


[Site "https://www.chess.com"]

[Event "Titled Tuesday Blitz January 25 2022"]
[White "Sadhwani, Raunak"]
[Black "Michelakos, Panagiotis"]
[WhiteFideId "35093487"]
[BlackFideId "4216067"]
[WhiteElo "2616"]
[BlackElo "2140"]
[Result "1-0"]
[Round "11"]
[TimeControl "180+1"]
[Date "2022.01.26"]
[WhiteClock "0:01:09"]
[BlackClock "0:00:02"]

1. e4 c5 2. Nf3 g6 3. d4 cxd4 4. Nxd4 Bg7 5. c4 Nc6 6. Be3 Nf6 7. Nc3 Ng4 8. Qxg4 Nxd4 9. Qd1 e5 10. Be2 O-O 11. O-O d6 12. Bxd4 exd4 13. Nd5 Be6 14. Bd3 Rc8 15. Qd2 Bxd5 16. cxd5 Qb6 17. g3 a5 18. h4 Qb4 19. Qe2 a4 20. a3 Qb3 21. Rad1 Rfe8 22. h5 Rc5 23. hxg6 hxg6 24. Qd2 Rec8 25. Kg2 Rc2 26. Bxc2 Rxc2 27. Qf4 Be5 28. Qh4 Qxb2 29. Rd3 b5 30. Qd8+ Kg7 31. Rf3 Rc1 32. Qe7 Kh6 33. Rxf7 1-0


[Site "https://www.chess.com"]

[Event "Titled Tuesday Blitz January 25 2022"]
[White "Samadov, Read"]
[Black "Sarana, Alexey"]
[WhiteFideId "13417444"]
[BlackFideId "24133795"]
[WhiteElo "2084"]
[BlackElo "2665"]
[Result "0-1"]
[Round "11"]
[TimeControl "180+1"]
[Date "2022.01.26"]
[WhiteClock "0:00:03"]
[BlackClock "0:00:38"]

1. d4 Nf6 2. c4 e6 3. Nf3 d5 4. g3 Bb4+ 5. Bd2 Be7 6. Bg2 O-O 7. O-O c6 8. Qc2 Nbd7 9. Rd1 b6 10. Bf4 Ba6 11. b3 Rc8 12. Nc3 b5 13. c5 Nh5 14. Be3 f5 15. b4 Bb7 16. a4 a6 17. axb5 axb5 18. Ra7 Rc7 19. Rda1 Bf6 20. Bf4 Nxf4 21. gxf4 Qb8 22. e3 Kh8 23. h3 Rg8 24. Ne5 Nxe5 25. dxe5 Bh4 26. Kh1 g5 27. fxg5 Rxg5 28. Ne2 Bxf2 29. Nf4 Bxe3 30. Nxe6 Rxg2 31. Qxg2 Re7 32. Qf3 f4 33. Qg4 Qe8 34. Qf5 Rf7 35. Qg4 d4 36. Kg2 f3+ 37. Kf1 d3 38. Qe4 Qxe6 39. Qxe3 Qxh3+ 40. Ke1 f2+ 41. Kd2 Qg2 42. Kc3 f1=Q 43. Rxf1 Qc2+ 44. Kd4 Qc4# 0-1


[Site "https://www.chess.com"]